 Dungeon Crawl Stone Soup version 0.19-a0-811-gf4045fb (webtiles) character file.

86944 Stormbringer the Blocker (level 15, -12/118 HPs)
             Began as a Mummy Monk on June 28, 2016.
             Mangled by a cyan very ugly thing (18 damage)
             ... on level 15 of the Dungeon.
             The game lasted 02:01:19 (68438 turns).

Stormbringer the Blocker (Mummy Monk)              Turns: 68438, Time: 02:01:19

Health: -12/118    AC:  9    Str: 17    XL:     15   Next: 42%
Magic:  15/15      EV: 21    Int: 13    God:
Gold:   1493       SH: 17    Dex: 21    Spells: 0 memorised, 14 levels left

rFire  + . .     SeeInvis .       - Unarmed
rCold  + . .     Gourm    .     (no armour)
rNeg   + + +     Faith    .     C - +3 shield "Dib Ottara" {Stlth+}
rPois  ∞         Spirit   .     i - +2 hat
rElec  .         Dismiss  .     w - +1 cloak "Noech" {rF+ Str+2 Int+4}
rCorr  .         Reflect  .     q - +1 pair of gloves
SustAt .         Harm     .     e - +2 pair of boots
MR     ++...                    y - amulet of rage
Stlth  +++.......               g - ring of protection from fire
                                c - ring of protection from magic

@: very resistant to hostile enchantments, fairly stealthy
A: no food or potions, fire vulnerability, cold resistance 1, negative energy
resistance 3, torment resistance, unbreathing, in touch with death 1, restore
body
a: Self-Restoration


You were on level 15 of the Dungeon.
You were not hungry.

You visited 4 branches of the dungeon, and saw 23 of its levels.

You collected 1493 gold pieces.


Innate Abilities, Weirdness & Mutations

You do not eat or drink.
Your flesh is vulnerable to fire.
You are immune to poison.
Your flesh is cold resistant. (rC+)
You are immune to negative energy. (rN+++)
You are immune to unholy pain and torment.
You can survive without breathing.
You are in touch with the powers of death.
You can restore your body by infusing magical energy.


   Skills:
 - Level 11.0 Fighting
 - Level 10.2 Dodging
 - Level 1.5 Stealth
 - Level 14.0 Shields
 + Level 13.3 Unarmed Combat


You had 14 spell levels left.
You didn't know any spells.

Inventory:

Missiles
 o - 62 poisoned needles (quivered)
 z - 3 curare-tipped needles {=f}
Armour
 e - a +2 pair of boots (worn)
 i - a +2 hat (worn)
 q - a +1 pair of gloves (worn)
 w - the +1 cloak "Noech" (worn) {rF+ Str+2 Int+4}

   It affects your strength (+2).
   It affects your intelligence (+4).
   It protects you from fire.
 x - a troll hide {OUTMUMO'd}
 A - the +1 hat "Sotteys" {rC- MR+ SInv}

   It makes you vulnerable to cold.
   It affects your resistance to hostile enchantments.
   It lets you see invisible.
 C - the +3 shield "Dib Ottara" (worn) {Stlth+}

   It makes you more stealthy.
 E - a +0 large shield
Jewellery
 c - a ring of protection from magic (left hand)
 g - a ring of protection from fire (right hand)
 h - an uncursed ring of positive energy
 j - an uncursed ring of resist corrosion
 n - an uncursed ring of magical power
 p - an uncursed ring of protection from magic
 v - an uncursed ring of ice
 y - an amulet of rage (around neck)
 D - a cursed amulet of inaccuracy {unknown}
Scrolls
 a - a scroll of identify {@r1}
 b - a scroll of amnesia
 d - 2 scrolls of fog
 f - 5 scrolls of noise {!r}
 k - a scroll of blinking
 l - 6 scrolls of immolation {!r}
 m - a scroll of holy word {!r}
 r - 4 scrolls of recharging
 s - 3 scrolls of remove curse
 t - 4 scrolls of enchant weapon
 u - 3 scrolls of vulnerability {!r}

Dungeon Overview and Level Annotations

Branches:
Dungeon (15/15)            Temple (0/1) D:4            Lair (6/6) D:10
  Swamp (1/4) Lair:2       Spider (0/4) Lair:3        Slime (0/5) Lair:5
    Orc (0/2) D:10         Vaults (0/5) D:14         Depths (1/5) D:15

Altars:
Cheibriados
Dithmenos
Fedhas
Pakellas
Trog
Uskayaw
The Shining One
Jiyva

Shops:
D:7 %

Annotations:
D:4 exclusion: downstairs
D:13 Snorg
Lair:1 !8 legs, exclusions: hydra and 5 more exclusions
Lair:2 2 exclusions
Lair:4 Rupert
Lair:5 1 runed door

▒▒▒▒▒▒▒▒▒▒▒▒▒▒▒▒▒▒▒▒▒▒▒▒▒▒▒▒▒▒▒▒▒
................................▒
.....▒............▒▒..▒▒.....▒..▒
.▒▒..▒............▒▒.........▒..▒
.▒▒..▒.......▒▒▒.............▒..▒
................................▒
...........▒▒'▒u....▒▒▒▒▒▒▒.....▒
...........▒..▒.M...'.....▒.....▒
.▒.........▒..▒.....▒.....▒).▒▒.▒
.▒.........▒..▒.....▒.....▒..▒▒.▒
▒▒......▒▒▒▒'▒▒▒▒...▒.....▒..▒▒.▒
........▒≈≈...≈≈▒...▒.....'..▒▒.▒
▒▒......▒≈#.▒..≈▒...▒.<...▒.....▒
)▒.▒....▒#▒.▒#▒.▒▒▒▒▒.....▒.....▒
)▒.▒....▒#####≈.▒.........▒.....▒
(..▒....▒###..≈.▒.........▒.▒▒▒.▒


You could see a cyan very ugly thing.


Message History

The cyan very ugly thing is heavily wounded!
You block the cyan very ugly thing's attack!
You beat the cyan very ugly thing into a bloody pulp!!!!!!
The cyan very ugly thing is severely wounded!
You block the cyan very ugly thing's attack!
You squash the cyan very ugly thing but do no damage!
The cyan very ugly thing is severely wounded!
The cyan very ugly thing engulfs you!!!
The cyan very ugly thing shocks you!!!!!! * * * don't die
* * * You beat the cyan very ugly thing into a bloody pulp!
The cyan very ugly thing is severely wounded!
The cyan very ugly thing closely misses you!
You closely miss the cyan very ugly thing!
The cyan very ugly thing is severely wounded!
You squash the cyan very ugly thing like an ant!
The cyan very ugly thing is severely wounded!
The cyan very ugly thing engulfs you!!! * * * don't die
* * * The cyan very ugly thing shocks you!!!!!! * * * don't die
* * * You squash the cyan very ugly thing like an ant!!!
The cyan very ugly thing is almost dead!
The cyan very ugly thing closely misses you!
You closely miss the cyan very ugly thing!
The cyan very ugly thing is almost dead!
The cyan very ugly thing engulfs you!!!!!! * * * don't die
* * * The cyan very ugly thing shocks you!!!!!! rip

Action                   |  1- 3 |  4- 6 |  7- 9 | 10-12 | 13-15 || total
-------------------------+-------+-------+-------+-------+-------++-------
Melee: Unarmed           |   155 |   259 |   904 |  2304 |  2461 ||  6083
       Punch             |     1 |     9 |    11 |       |       ||    21
  Use: Scroll            |       |     1 |    12 |    12 |    14 ||    39
 Stab: Sleeping          |     2 |     4 |     6 |    10 |    17 ||    39
       Distracted        |       |       |     1 |     1 |     6 ||     8
Armor: Skin              |    19 |    30 |   138 |   296 |   237 ||   720
Dodge: Dodged            |    95 |   163 |   574 |  1469 |  1085 ||  3386
Block: Buckler           |       |       |   123 |   286 |       ||   409
       Shield            |       |       |       |   782 |  1724 ||  2506

Vault maps used:
D:1:      scummos_arrival_gate, hangedman_decor_riveting
D:2:      serial_glass, glass_columns_a, glass_columns_b, due_unseen_surprise,
          minmay_strange_pillars, feat_on_display, first_bread, uniq_iyjb
D:3:      uniq_grinder
D:4:      cheibriados_altar_1, grunt_dithmenos_shadows, uniq_natasha
D:5:      grunt_temple_overflow_open
D:6:      marbit_many_paths
D:7:      serial_glass, glass_columns_c, glass_columns_b, serial_shops, shop,
          uniq_prince_ribbit1
D:8:      the_bakery, grunt_pakellas_basics
D:10:     dpeg_lair_monsters
D:11:     uniq_harold
D:12:     fedhas_altar_fruit_tree
D:13:     kennysheep_spiral_hall, spider_trap, uniq_snorg
D:14:     grunt_vaults_entry_tiered, serial_glass, glass_columns_a,
          glass_columns_a, uniq_louise, uniq_agnes
D:15:     grunt_enter_depths_snipers, minmay_misc_feat_roman, uniq_urug
Lair:2:   nicolae_swamp_entry_splash_gauntlet, serial_bayou_shore_a,
          grunt_megastairs_3
Lair:3:   spider_nest_entry_a, grunt_megastairs_2
Lair:4:   uniq_rupert
Lair:5:   slime_altar_2
Lair:6:   evil_forest
Swamp:1:  evilmike_swamp_ruin_house_2, swamp_pool1
Depths:1: infiniplex_enter_wizlab_spiral, minmay_strange_pillars,
          hangedman_geh_valley, kennysheep_dice

Notes
Turn   | Place    | Note
--------------------------------------------------------------
     0 | D:1      | Stormbringer the Mummy Monk began the quest for the Orb.
     0 | D:1      | Reached XP level 1. HP: 18/18 MP: 1/1
   337 | D:1      | Reached XP level 2. HP: 24/24 MP: 2/2
   422 | D:1      | Reached skill level 3 in Unarmed Combat
   860 | D:1      | Reached XP level 3. HP: 23/29 MP: 3/3
   861 | D:1      | ROAD OF KINGS
  1164 | D:2      | Noticed Ijyb
  1240 | D:2      | Killed Ijyb
  1452 | D:2      | Reached skill level 4 in Unarmed Combat
  1452 | D:2      | Reached XP level 4. HP: 27/35 MP: 4/4
  2055 | D:2      | Reached skill level 3 in Dodging
  2467 | D:3      | Noticed a giant frog
  2510 | D:2      | Killed a giant frog
  2510 | D:2      | Reached XP level 5. HP: 17/41 MP: 5/5
  2743 | D:3      | Reached skill level 4 in Dodging
  2776 | D:3      | Noticed Grinder
  3299 | D:2      | HP: 3/41 [orc/flail of crushing (3)]
  4000 | D:2      | Paralysed by Grinder for 7 turns
  4318 | D:2      | Killed Grinder
  4318 | D:2      | Reached skill level 5 in Dodging
  4318 | D:2      | Reached XP level 6. HP: 22/47 MP: 6/6
  4738 | D:3      | Reached XP level 7. HP: 47/52 MP: 7/7
  9142 | D:1      | Reached skill level 5 in Unarmed Combat
 10342 | D:1      | Reached skill level 5 in Fighting
 12041 | D:2      | Reached skill level 1 in Shields
 12654 | D:1      | Noticed a storm dragon simulacrum
 12655 | D:1      | Noticed a necromancer
 12719 | D:4      | Found a staircase to the Ecumenical Temple.
 12730 | D:4      | Found a shadowy altar of Dithmenos.
 12736 | D:4      | Reached XP level 8. HP: 62/62 MP: 8/8
 12906 | D:4      | Reached skill level 2 in Shields
 13007 | D:4      | Noticed Natasha
 13273 | D:4      | Noticed WhatIsLove's ghost (amateur DgFi)
 13293 | D:4      | Killed Natasha
 13339 | D:4      | HP: 5/62 [WhatIsLove's ghost (9)]
 13359 | D:5      | Entered Level 5 of the Dungeon
 13360 | D:5      | HP: 2/62 [orc wizard/magic dart (7)]
 13838 | D:4      | Found a snail-covered altar of Cheibriados.
 13885 | D:4      | Noticed Natasha
 13894 | D:4      | Killed Natasha
 14150 | D:4      | Killed WhatIsLove's ghost
 14150 | D:4      | Reached skill level 3 in Shields
 14752 | D:4      | Noticed Natasha
 15060 | D:4      | Found a shadowy altar of Dithmenos.
 15202 | D:4      | Found a snail-covered altar of Cheibriados.
 15242 | D:4      | Killed Natasha
 15242 | D:4      | Reached skill level 4 in Shields
 16913 | D:5      | Reached skill level 6 in Unarmed Combat
 17028 | D:5      | Reached skill level 6 in Fighting
 17266 | D:5      | Found a hide-covered altar of Uskayaw.
 17290 | D:5      | Found a glowing golden altar of the Shining One.
 17367 | D:5      | Reached XP level 9. HP: 59/69 MP: 9/9
 17672 | D:6      | Reached skill level 6 in Dodging
 18085 | D:6      | Found a bloodstained altar of Trog.
 18822 | D:7      | Reached skill level 7 in Unarmed Combat
 19001 | D:7      | Reached skill level 7 in Dodging
 19226 | D:7      | Noticed Prince Ribbit
 19665 | D:7      | Killed Prince Ribbit
 20016 | D:7      | Found Ykafor's Food Emporium.
 20484 | D:8      | Reached XP level 10. HP: 65/76 MP: 10/10
 20641 | D:8      | Reached skill level 8 in Unarmed Combat
 20727 | D:8      | Found an oddly glowing altar of Pakellas.
 21422 | D:8      | Reached skill level 7 in Fighting
 21582 | D:8      | Reached skill level 8 in Dodging
 21664 | D:8      | Found an oddly glowing altar of Pakellas.
 24179 | D:8      | Reached skill level 8 in Fighting
 24786 | D:10     | Entered Level 10 of the Dungeon
 25242 | D:10     | Found a staircase to the Orcish Mines.
 25247 | D:10     | Noticed a hill giant
 25534 | D:10     | Noticed a manticore
 25567 | D:10     | Reached skill level 9 in Unarmed Combat
 26653 | D:9      | Reached skill level 9 in Dodging
 26755 | D:9      | Reached XP level 11. HP: 86/86 MP: 11/11
 27734 | D:10     | Found a staircase to the Lair.
 28573 | Lair:1   | Entered Level 1 of the Lair of Beasts
 29047 | Lair:1   | Got a warped shield
 29058 | Lair:1   | Identified the +0 shield "Waulo" {rPois MP+9} (You found it on level 1 of the Lair of Beasts)
 29069 | Lair:1   | Noticed an eight-headed hydra
 29198 | Lair:1   | Identified a scroll of acquirement
 29202 | Lair:1   | Got a scorched cloak
 29213 | Lair:1   | Identified the +1 cloak "Noech" {rF+ Str+2 Int+4} (You acquired it on level 1 of the Lair of Beasts)
 29345 | Lair:1   | Reached skill level 10 in Unarmed Combat
 30276 | Lair:2   | Reached skill level 5 in Shields
 31200 | Lair:2   | Found a staircase to the Swamp.
 31519 | Lair:1   | Reached skill level 6 in Shields
 31922 | Swamp:1  | Entered Level 1 of the Swamp
 31923 | Swamp:1  | Just fuck my shit up
 32283 | Lair:2   | Noticed a griffon
 32577 | Lair:1   | Reached skill level 7 in Shields
 33767 | Lair:2   | Killed a griffon
 33767 | Lair:2   | Reached XP level 12. HP: 63/92 MP: 12/12
 34672 | Lair:3   | Reached skill level 8 in Shields
 34814 | Lair:2   | HP: 7/92 [blink frog (6)]
 35926 | Lair:2   | Got a polished shield
 35937 | Lair:2   | Identified the +3 shield "Dib Ottara" {Stlth+} (You acquired it on level 2 of the Lair of Beasts)
 35940 | Lair:2   | Got a heavily runed hat
 35951 | Lair:2   | Identified the +1 hat "Sotteys" {rC- MR+ SInv} (You acquired it on level 2 of the Lair of Beasts)
 36641 | Lair:3   | Reached skill level 9 in Shields
 37469 | Lair:3   | Found a hole to the Spider Nest.
 37485 | Lair:3   | Reached skill level 10 in Shields
 38279 | Lair:4   | Reached skill level 9 in Fighting
 39281 | Lair:4   | Noticed Rupert
 40127 | Lair:5   | Reached skill level 10 in Fighting
 40622 | Lair:5   | Noticed a death yak
 40936 | Lair:5   | Found a runed door.
 40936 | Lair:5   | Found a viscous altar of Jiyva.
 40936 | Lair:5   | Found a staircase to the Slime Pits.
 40936 | Lair:5   | Noticed an acid blob
 40936 | Lair:5   | Noticed an acid blob
 40936 | Lair:5   | Noticed an acid blob
 40936 | Lair:5   | Noticed a death yak
 41251 | Lair:4   | Gained mutation: You are in touch with the powers of death. [Mummy growth]
 41251 | Lair:4   | Gained mutation: You can restore your body by infusing magical energy. [Mummy growth]
 41251 | Lair:4   | Reached XP level 13. HP: 93/104 MP: 13/13
 41638 | Lair:4   | Reached skill level 11 in Fighting
 42041 | Lair:4   | Got a coiled bone ring
 42042 | Lair:4   | Identified the ring "Icoxaups" {*Corrode MP+9 Dex+3 Slay+5 Stlth+} (You found it on level 4 of the Lair of Beasts)
 42123 | Lair:3   | Reached skill level 10 in Dodging
 43800 | Lair:3   | Found a hole to the Spider Nest.
 46859 | Lair:5   | Reached skill level 11 in Unarmed Combat
 48748 | Lair:3   | Found a hole to the Spider Nest.
 50165 | Lair:2   | Found a staircase to the Swamp.
 50445 | Lair:2   | Found a staircase to the Swamp.
 50708 | Lair:2   | Reached skill level 11 in Shields
 51385 | Lair:6   | Entered Level 6 of the Lair of Beasts
 51486 | Lair:6   | Noticed a dire elephant
 53136 | D:1      | Reached XP level 14. HP: 94/113 MP: 14/14
 54592 | D:11     | Noticed Harold
 54621 | D:11     | Killed Harold
 54811 | D:11     | Reached skill level 12 in Shields
 55012 | D:11     | HP: 11/113 [cyan ugly thing (12)]
 55775 | D:10     | HP: 11/113 [six-headed hydra (10)]
 55801 | D:10     | HP: 2/113 [six-headed hydra (10)]
 57594 | D:12     | Reached skill level 12 in Unarmed Combat
 57978 | D:12     | Found a blossoming altar of Fedhas.
 58259 | D:13     | Noticed Snorg
 60483 | D:12     | Found a blossoming altar of Fedhas.
 61035 | D:13     | HP: 2/113 [Snorg (20)]
 62051 | D:14     | Reached skill level 13 in Shields
 62057 | D:14     | Noticed Agnes
 62096 | D:14     | Killed Agnes
 63060 | D:14     | Found a gate to the Vaults.
 63271 | D:14     | Reached skill level 13 in Unarmed Combat
 63967 | D:13     | Reached XP level 15. HP: 118/118 MP: 15/15
 64370 | D:14     | Noticed Louise
 64415 | D:14     | Killed Louise
 64671 | D:15     | Entered Level 15 of the Dungeon
 65173 | D:15     | HP: 9/118 [slime creature (21)]
 65641 | D:15     | Noticed Urug
 65653 | D:15     | Killed Urug
 66512 | D:15     | Noticed a frost giant
 66536 | D:15     | Killed a frost giant
 66847 | D:15     | HP: 7/118 [deep elf mage (illusionary)/magic dart (10)]
 67527 | D:15     | Found a staircase to the Depths.
 68264 | D:15     | Reached skill level 14 in Shields
 68338 | Depths:1 | Entered Level 1 of the Depths
 68438 | D:15     | HP: 6/118 [cyan very ugly thing (18)]
 68438 | D:15     | Mangled by a cyan very ugly thing

Vanquished Creatures
  Agnes (D:14)
  A frost giant (D:15)
  Louise (D:14)
  3 hydras
  Harold (D:11)
  2 vault guards (D:14)
  6 centaur warriors
  10 death yaks
  Urug (D:15)
  2 storm dragon zombies (D:1)
  A storm dragon skeleton (D:1)
  A lindwurm (Lair:5)
  7 hill giants
  11 ugly things
  A deep elf mage (D:13)
  2 necromancers
  4 manticores
  14 slime creatures
  2 cyclopes
  3 wizards
  8 elephants
  4 griffons
  6 black mambas
  5 spiny frogs
  A storm dragon simulacrum (D:1)
  5 centaur zombies
  2 rime drakes
  A gargoyle (D:15)
  4 komodo dragons
  A kobold demonologist (D:15)
  A yaktaur (D:15)
  5 trolls
  3 polar bears
  2 two-headed ogres
  Grinder (D:2)
  Prince Ribbit (D:7)
  22 blink frogs
  A redback (Lair:3)
  A spriggan (D:8)
  20 humans (D:14)
  A wraith (D:10)
  A wyvern (D:11)
  The ghost of WhatIsLove the Covered, an amateur DgFi (D:4)
  30 yaks
  15 hippogriffs
  A basilisk (Lair:1)
  3 hungry ghosts
  7 vampire mosquitoes (D:14)
  6 swamp worms
  A soldier ant (D:13)
  12 water moccasins
  12 porcupines
  4 sky beasts
  6 orc warriors
  A wasp (D:13)
  6 ice beasts
  3 eyes of draining
  4 phantoms
  A black bear (Lair:1)
  11 ogres
  2 necrophages
  27 wolves
  14 centaurs
  17 crocodiles
  4 big kobolds
  26 giant frogs
  A gnoll sergeant (D:8)
  A water moccasin zombie (D:9)
  A wyvern skeleton (D:6)
  A water moccasin skeleton (D:9)
  6 scorpions
  7 killer bees
  7 wights
  2 howler monkeys (D:7)
  An electric eel (Lair:2)
  4 giant frog zombies
  7 crimson imps
  13 orc priests
  4 jellies
  2 giant frog skeletons
  8 hounds
  15 orc wizards
  7 centaur skeletons
  13 iguanas
  Ijyb (D:2)
  Natasha (thrice) (D:4)
  16 worker ants
  14 sheep
  A hound zombie (D:7)
  A hound skeleton (D:8)
  9 gnolls
  115 river rats
  12 adders
  2 shadow imps
  An ooze (shapeshifter) (D:2)
  An adder zombie (D:8)
  2 oozes
  2 worms
  2 dart slugs
  4 giant geckos
  62 orcs
  4 ball pythons
  12 bats
  8 giant cockroaches
  5 goblins
  13 hobgoblins
  14 jackals
  25 kobolds
  A quokka (D:2)
  A giant gecko skeleton (D:4)
  6 giant newts
  A jackal skeleton (D:4)
  A quokka zombie (D:5)
  17 rats
840 creatures vanquished.

Vanquished Creatures (collateral kills)
  A rakshasa (D:15)
  A deep elf mage (D:15)
  A centaur zombie (D:15)
  A wyvern (D:15)
4 creatures vanquished.

Vanquished Creatures (others)
  A bush (Lair:2)
  9 fungi
  3 plants
13 creatures vanquished.

Grand Total: 857 creatures vanquished
